 Dungeon Crawl Stone Soup version 0.31-a0-232-gb1c03b2570 (webtiles) character file.

Game seed: 330064817257745321

1556 IdlyInterested the Trooper (level 8, -1/68 HPs)
             Began as a Demonspawn Gladiator on July 7, 2023.
             Slain by a gnoll
             ... wielding a +0 halberd
              (7 damage)
             ... on level 6 of the Dungeon.
             The game lasted 00:16:07 (5917 turns).

IdlyInterested the Trooper (Demonspawn Gladiator)   Turns: 5917, Time: 00:16:08

Health: -1/68      AC: 20    Str: 16    XL:     8   Next: 58%
Magic:  8/8        EV:  6    Int:  9    God:
Gold:   193        SH:  0    Dex: 16    Spells: 7/7 levels left

rFire   . . .        a - +0 long sword
rCold   . . .        (no shield)
rNeg    + . .        m - +0 plate armour
rPois   .            (helmet restricted)
rElec   .            (no cloak)
rCorr   .            (no gloves)
SInv    .            (no boots)
Will    .....        (no amulet) Stlth
                     e - ring of positive energy
HPRegen 0.31/turn    (no ring)
MPRegen 0.11/turn

%: no passive effects
@: lethally poisoned (-1 -> -1), sanguine armoured
A: horns 1, powered by death 2, powered by pain 1, sanguine armour 2
a: no special abilities


You were on level 6 of the Dungeon.
You visited 2 branches of the dungeon, and saw 7 of its levels.

You collected 193 gold pieces.

Inventory:

Hand Weapons
 a - a +0 long sword (weapon)
 i - a +2 dagger of draining
 y - a +0 falchion
Missiles
 d - 5 throwing nets
 g - 41 stones
 k - 13 poisoned darts (quivered)
Armour
 m - a +0 plate armour (worn)
Magical Staves
 b - a staff of poison
Jewellery
 e - a ring of positive energy (left hand)
Wands
 q - a wand of flame (11)
 v - a wand of iceblast (7)
Scrolls
 f - 2 scrolls of vulnerability
 h - 2 scrolls of amnesia
 l - 4 scrolls of poison
 u - a scroll of immolation
 w - a scroll of enchant armour {unknown}
 A - a scroll of enchant weapon {unknown}
Potions
 o - 2 potions of enlightenment
 p - a potion of brilliance {unknown}
 r - a potion of berserk rage {unknown}
 s - a potion of attraction {unknown}
 t - a potion of curing {unknown}
 x - a potion of might {unknown}
 z - a potion of degeneration {unknown}


   Skills:
 * Level 7.7 Fighting
 + Level 5.3 Long Blades
 - Level 2.0 Throwing
 - Level 3.0 Armour
 - Level 4.0 Dodging
 - Level 1.0 Stealth
 * Level 1.6 Shields
 - Level 2.0 Evocations


You had 7 spell levels left.
You didn't know any spells.
Your spell library contained the following spells:

 Spells                   Type           Power      Damage    Failure   Level
 Animate Dead             Necr           0%         N/A       100%        4
 Haunt                    Necr/Summ      0%         N/A       100%        7
 Infestation              Necr           0%         N/A       100%        8


Dungeon Overview and Level Annotations

Branches:
Dungeon (6/15)             Temple (1/1) D:5

Altars:
Ashenzari
Cheibriados
Dithmenos
Fedhas
Gozag
Hepliaklqana
Kikubaaqudgha
Makhleb
Nemelex Xobeh
Okawaru
Ru
Sif Muna
Uskayaw
Vehumet
Wu Jian
Xom
Yredelemnul

Shops:
D:5 [


Innate Abilities, Weirdness & Mutations

You have a pair of small horns on your head.
You regenerate health from kills.
You sometimes gain a little power by taking damage.
When seriously injured, your blood forms thick armour. (AC +9)


Message History

You hit the kobold brigand but do no damage.
The kobold brigand is lightly wounded.
You feel very sick.
The kobold brigand hits you but does no damage.
The gnoll barely misses you. The kobold hits you but does no damage.
You hit the kobold brigand but do no damage.
Your headbutt misses the kobold brigand.
The kobold brigand is lightly wounded.
You feel sick.
The kobold brigand hits you but does no damage.
The gnoll hits you but does no damage. The kobold hits you but does no damage.
You barely miss the kobold brigand.
The kobold brigand is lightly wounded.
You feel sick.
The kobold brigand hits you but does no damage.
The gnoll hits you from afar with a +0 halberd!
* * * LOW HITPOINT WARNING * * *
The kobold hits you but does no damage.
You slash the kobold brigand!
The kobold brigand is moderately wounded.
You feel sick.
The kobold brigand hits you but does no damage.
The gnoll hits you from afar with a +0 halberd.
* * * LOW HITPOINT WARNING * * *
The kobold hits you but does no damage.
You slash the kobold brigand!
The kobold brigand is severely wounded.
You feel sick.
The kobold brigand hits you with a +0 dagger.
* * * LOW HITPOINT WARNING * * *
The gnoll hits you but does no damage. The kobold hits you but does no damage.
The kobold brigand hits you but does no damage.
The gnoll hits you but does no damage. The kobold closely misses you.
You hit the kobold brigand.
The kobold brigand is almost dead.
You feel sick.
The kobold brigand hits you but does no damage.
The kobold hits you but does no damage.
The gnoll hits you from afar with a +0 halberd!
You die...

#.## #.# #...#
#.##.##.## #.oo#
#.$......######K##
#...............##
..#######...##...#
#.#$$..$#...##)#.##.#
#)#...$.#.#gg)))...#
#.+$._..#.#K##)#.#..#
#.#.....#..@#..#.##..#
.#.$$..#...K....# .#.
.#######..##.#.## #
.g.....?. ##..#
#.....#. ... #.##.#.
...# .. ..#. ..# .. ..
..#


You could see a kobold brigand, 2 gnolls and a kobold.

Vanquished Creatures
  Sigmund (D:2)
  Eustachio (D:5)
  Menkaure (D:5)
  3 black bears
  4 scorpions
  2 hounds (D:5)
  2 orc priests
  A sleepcap (D:5)
  2 iguanas
  8 orc wizards
  7 gnolls
  4 adders
  2 white imps
  An ufetubus (D:4)
  3 worms
  3 dart slugs
  14 orcs
  10 ball pythons
  9 endoplasms
  A giant cockroach (D:1)
  8 goblins
  6 hobgoblins
  8 jackals
  6 quokkas
  5 bats
  6 frilled lizards
  5 kobolds
  6 rats
129 creatures vanquished.

Notes
Turn   | Place    | Note
-------+----------+-------------------------------------------
     0 | D:1      | IdlyInterested the Demonspawn Gladiator began the quest for
                  | the Orb.
     0 | D:1      | Reached XP level 1. HP: 16/16 MP: 1/1
   150 | D:1      | Found a faded altar of an unknown god.
   223 | D:1      | Gained mutation: When seriously injured, your blood forms
                  | armour. (AC +9) [demonic ancestry]
   223 | D:1      | Reached XP level 2. HP: 16/22 MP: 2/2
   321 | D:1      | Reached skill level 1 in Armour
   952 | D:2      | Noticed Sigmund
   967 | D:2      | Killed Sigmund
   968 | D:2      | Reached skill level 4 in Fighting
   968 | D:2      | Reached skill level 1 in Stealth
   968 | D:2      | Gained mutation: You have a pair of small horns on your
                  | head. [demonic ancestry]
   968 | D:2      | Reached XP level 3. HP: 6/31 MP: 3/3
   968 | D:2      | Gained mutation: You sometimes gain a little power by
                  | taking damage. [demonic ancestry]
   968 | D:2      | Reached XP level 4. HP: 7/38 MP: 4/4
   968 | D:2      | Gained mutation: You regenerate a little health from kills.
                  | [demonic ancestry]
   968 | D:2      | Reached XP level 5. HP: 8/43 MP: 5/5
  1970 | D:3      | Reached skill level 1 in Evocations
  2581 | D:3      | Found a blossoming altar of Fedhas.
  2632 | D:3      | Reached skill level 5 in Fighting
  2632 | D:3      | Reached XP level 6. HP: 36/51 MP: 6/6
  3094 | D:4      | Gained mutation: When seriously injured, your blood forms
                  | thick armour. (AC +9) [demonic ancestry]
  3094 | D:4      | Reached XP level 7. HP: 15/56 MP: 7/7
  3790 | D:5      | Entered Level 5 of the Dungeon
  4194 | D:5      | Found Caruvyon's Armour Emporium.
  4327 | D:5      | Reached skill level 6 in Fighting
  4529 | D:5      | Noticed Eustachio
  4576 | D:5      | Killed Eustachio
  4634 | D:5      | Gained mutation: You regenerate health from kills. [demonic
                  | ancestry]
  4634 | D:5      | Reached XP level 8. HP: 42/65 MP: 8/8
  4722 | D:5      | Found a staircase to the Ecumenical Temple.
  4745 | Temple   | Entered the Ecumenical Temple
  5178 | D:5      | Noticed Menkaure
  5187 | D:5      | Killed Menkaure
  5188 | D:5      | Reached skill level 7 in Fighting
  5188 | D:5      | Reached skill level 5 in Long Blades
  5825 | D:6      | Found a snail-covered altar of Cheibriados.
  5840 | D:6      | Reached skill level 1 in Shields
  5917 | D:6      | Slain by a gnoll

Illustrated notes

Levels and vault maps discovered:
D:1:      matt_arrival_spirals, layout_basic,
          hellmonk_ecumenical_altar_crossroads
D:2:      layout_loops_ring, minmay_misc_feat_nine_boxes,
          chequers_serial_rivers_micro_b, st_stairs_3, uniq_sigmund
D:3:      layout_loops_ring, nicolae_overflow_crystal_walls,
          mainiacjoe_overflow_paths, minmay_misc_feat_ornament
D:4:      layout_rooms
D:5:      layout_basic, minmay_temple_entry_offerings, serial_shops, shop,
          amcnicky_mini_pool_small, uniq_menkaure, uniq_eustachio
D:6:      layout_loops_cross, amcnicky_altar_gilded, minmay_misc_feat_plants,
          grunt_ministairs_11, feat_on_display
Temple:   minmay_temple_bridge_d

Skill      XL: |  1  2  3  4  5  6  7  8 |
---------------+-------------------------+-----
Armour         | 1 2 3 |  3.0
Fighting       | 4 5 6 7 |  7.7
Long Blades    | 3 4 5 |  5.3
Stealth        | 1 |  1.0
Evocations     | 1 2 |  2.0
Dodging        | 3 4 |  4.0
Throwing       | 2 |  2.0
Shields        | 1 |  1.6

Action                     |  1- 3 |  4- 6 |  7- 9 || total
---------------------------+-------+-------+-------++-------
  Melee: Dagger            |    53 |    67 |       ||   120
         Long sword        |     6 |    88 |   174 ||   268
         Headbutt          |       |    21 |    41 ||    62
         Punch             |       |     1 |     3 ||     4
  Throw: Throwing net      |     1 |       |       ||     1
         Dart              |       |     7 |    29 ||    36
         Javelin           |       |     1 |       ||     1
         Stone             |       |       |     2 ||     2
  Evoke: Wand              |       |       |     1 ||     1
    Use: Scroll            |       |     5 |     4 ||     9
         Potion            |       |     3 |     1 ||     4
   Stab: Sleeping          |     2 |       |       ||     2
 Armour: Leather armour    |    18 |       |       ||    18
         Plate armour      |       |   175 |   180 ||   355
  Dodge: Dodged            |    48 |    33 |    73 ||   154

Table legend: (Time is in decaauts)
 A = Elapsed time spent in this place.
 B = Non-inter-level travel time spent in this place.
 C = Inter-level travel time spent in this place.
 D = Time resting spent in this place.
 E = Time spent auto-exploring this place.
 F = Levels seen in this place.
 G = Mean time per level.
                   A        B        C        D        E       F      G
               +--------+--------+--------+--------+--------+-----+--------+
         Total |   5936 |   5210 |    726 |    968 |   2895 |   7 |  848.0 |
       Dungeon |   5703 |   4985 |    718 |    968 |   2682 |   6 |  950.5 |
        Temple |    232 |    224 |      8 |      0 |    213 |   1 |  232.0 |
               +--------+--------+--------+--------+--------+-----+--------+

Top non-repeatable levels by time:
     D:5: 1734 daAuts
     D:3: 1182 daAuts
     D:1: 1169 daAuts
     D:2: 792 daAuts
     D:4: 701 daAuts
  Temple: 232 daAuts
     D:6: 122 daAuts
